 Dungeon Crawl Stone Soup version 0.19.5 (webtiles) character file.

1003 Haldmier the Reanimator (level 8, -6/74 HPs)
             Began as a Deep Dwarf Necromancer on May 5, 2017.
             Was an Initiate of Makhleb.
             Mangled by an orc warrior
             ... wielding a +0 trident
              (7 damage)
             ... on level 6 of the Dungeon on May 6, 2017.
             The game lasted 00:29:13 (5783 turns).

Haldmier the Reanimator (Deep Dwarf Necromancer)    Turns: 5783, Time: 00:29:13

Health: -6/74      AC:  9    Str: 14    XL:     8   Next: 0%
Magic:  6/11       EV: 15    Int: 16    God:    Makhleb [......]
Gold:   284        SH:  0    Dex: 13    Spells: 3 memorised, 6 levels left

rFire  . . .     SeeInvis .     f - +2 scythe (vamp)
rCold  . . .     Gourm    .     L - +3 leather armour {rN+}
rNeg   + . .     Faith    .     (shield currently unavailable)
rPois  .         Spirit   .     p - +0 helmet
rElec  .         Reflect  .     (no cloak)
rCorr  .         Harm     .     t - +0 pair of gloves
MR     +....                    i - +0 pair of boots
Stlth  ++........               u - amulet of magic regeneration
                                J - ring of wizardry
                                n - +3 ring of evasion

@: non-regenerating
A: damage resistance, recharge devices, sense surroundings 1, slow regeneration
3
a: Device Recharging, Renounce Religion


You were on level 6 of the Dungeon.
You worshipped Makhleb.
Makhleb was noncommittal.
You were hungry.

You visited 2 branches of the dungeon, and saw 7 of its levels.

You collected 284 gold pieces.

Inventory:

Hand Weapons
 f - a +2 vampiric scythe (weapon)
 h - a +0 short sword
 s - a +0 morningstar
 y - a -1 blowgun
Missiles
 j - a throwing net (quivered)
 z - 14 poisoned needles
Armour
 i - a +0 pair of boots (worn)
 p - a +0 helmet (worn)
 t - a +0 pair of gloves (worn)
 I - a +0 shield
 L - a +3 leather armour of positive energy (worn)
Jewellery
 n - a +3 ring of evasion (left hand)
 u - an amulet of magic regeneration (around neck)
 A - an uncursed amulet of rage
 J - a ring of wizardry (right hand)
Wands
 c - a wand of heal wounds (4/9)
 w - a wand of confusion (26/48)
 N - a wand of digging (17/24)
Scrolls
 a - a scroll of identify
 e - 5 scrolls of remove curse
 l - 2 scrolls of teleportation
 q - a scroll of fear
 x - a scroll of torment {unknown}
Potions
 g - 3 potions of flight
 k - 3 potions of heal wounds
 m - 3 potions of curing
 r - a potion of magic {unknown}
 B - a potion of ambrosia {unknown}
 C - a potion of brilliance {unknown}
 E - 2 potions of lignification
 G - a potion of berserk rage {unknown}
 H - 2 potions of mutation {unknown}
Books
 b - a book of Necromancy

   Spells                             Type                      Level
   a - Pain                           Necromancy                   1
   b - Animate Skeleton               Necromancy                   1
   c - Vampiric Draining              Necromancy                   3
   d - Regeneration                   Charms/Necromancy            3
   e - Animate Dead                   Necromancy                   4
   f - Control Undead                 Necromancy                   4
 v - a book of Flames

   Spells                             Type                      Level
   a - Flame Tongue                   Conjuration/Fire             1
   b - Throw Flame                    Conjuration/Fire             2
   c - Conjure Flame                  Conjuration/Fire             3
   d - Inner Flame                    Hexes/Fire                   3
   e - Sticky Flame                   Conjuration/Fire             4
   f - Fireball                       Conjuration/Fire             5
 D - a book of Misfortune

   Spells                             Type                      Level
   a - Confusing Touch                Hexes                        1
   b - Confuse                        Hexes                        3
   c - Gell's Gravitas                Hexes/Translocation          3
   d - Petrify                        Transmutation/Earth          4
   e - Metabolic Englaciation         Hexes/Ice                    5
   f - Yara's Violent Unravelling     Hexes/Transmutation          5
Comestibles
 d - 2 bread rations
 o - 6 meat rations


   Skills:
 + Level 5.3 Fighting
 - Level 2.1 Dodging
 - Level 2.4 Stealth
 - Level 2.1 Spellcasting
 + Level 8.8 Necromancy


You had 6 spell levels left.
You knew the following spells:

 Your Spells              Type           Power        Failure   Level  Hunger
a - Pain                  Necr           ####         1%          1    #......
b - Animate Skeleton      Necr           N/A          1%          1    #......
c - Vampiric Draining     Necr           ####......   1%          3    ###....


Dungeon Overview and Level Annotations

Branches:
Dungeon (6/15)             Temple (1/1) D:5

Altars:
Ashenzari
Cheibriados
Fedhas
Gozag
Hepliaklqana
Kikubaaqudgha
Makhleb
Okawaru
Qazlal
Ru
Sif Muna
Trog
Vehumet
Xom
Yredelemnul
Zin
The Shining One

Annotations:
D:4 Koyaah's ghost, amateur GrFE


Innate Abilities, Weirdness & Mutations

You are resistant to damage.
You can recharge devices by infusing magical energy.
You passively map a small area around you.
You do not regenerate.


Message History

The orc warrior is almost dead.
The orc warrior closely misses you.
The orc warrior hits you but does no damage.
You barely miss the orc warrior.
The orc warrior is almost dead.
The orc warrior misses you.
The orc warrior hits you with a trident!
* * * LOW HITPOINT WARNING * * *
You take 8 damage, and have 10/74 hp.
You barely miss the orc warrior.
The orc warrior is almost dead.
The orc warrior hits you with a trident!
* * * LOW HITPOINT WARNING * * *
The orc warrior hits you with a trident.
* * * LOW HITPOINT WARNING * * *
You take 9 damage, and have 1/74 hp.
You barely miss the orc warrior.
The orc warrior is almost dead.
The orc warrior hits you with a trident!
You die...

#)######'###.............
#....###.................
#.)............###.......
#..............# #.......
#...........##.# #.......
#...(....o..+............
#....##.....##.#########.
#.#####o######.....######
#..<...>@................
#######.......#........#*
, , #.......#........# *
, #.......#........## , ,
#.......'....####.. * ,
,........###..####.. ,
........+.#.....+.. ,
.........#....####.. ,
........#..........


You could see an orc warrior.

Vanquished Creatures
  Sigmund (D:2)
  Eustachio (D:5)
  Duvessa (D:6)
  An ogre (D:4)
  Dowan (D:6)
  A howler monkey (D:6)
  A crimson imp (D:5)
  A jelly (D:3)
  2 hounds
  An orc wizard (D:3)
  3 worker ants
  A worker ant zombie (D:5)
  9 adders
  3 shadow imps
  2 oozes
  An adder skeleton (D:5)
  3 worms (D:3)
  A leopard gecko (D:1)
  7 orcs
  4 giant cockroaches
  4 goblins
  9 hobgoblins
  2 jackals (D:3)
  4 quokkas
  6 bats
  6 frilled lizards
  8 kobolds
  5 rats
89 creatures vanquished.

Vanquished Creatures (collateral kills)
  A frilled lizard (D:4)
1 creature vanquished.

Grand Total: 90 creatures vanquished

Notes
Turn   | Place    | Note
-------+----------+-------------------------------------------
     0 | D:1      | Haldmier the Deep Dwarf Necromancer began the quest for the Orb.
     0 | D:1      | Reached XP level 1. HP: 15/15 MP: 3/3
     4 | D:1      | Learned a level 1 spell: Animate Skeleton
   173 | D:1      | Reached XP level 2. HP: 22/22 MP: 0/4
   742 | D:1      | Reached skill level 5 in Necromancy
   930 | D:2      | Reached XP level 3. HP: 23/30 MP: 1/6
   980 | D:2      | Learned a level 3 spell: Vampiric Draining
  1108 | D:2      | Noticed Sigmund
  1194 | D:2      | You fall through a shaft for 2 floors!
  1298 | D:4      | Noticed an ogre
  1327 | D:4      | Found a shattered altar of Ashenzari.
  1475 | D:4      | Reached skill level 1 in Fighting
  1564 | D:4      | Reached XP level 4. HP: 33/38 MP: 0/7
  1639 | D:4      | Found a glowing silver altar of Zin.
  1799 | D:3      | Reached skill level 6 in Necromancy
  1919 | D:3      | Reached XP level 5. HP: 36/45 MP: 1/8
  2188 | D:3      | Found a faded altar of an unknown god.
  3001 | D:3      | Reached XP level 6. HP: 55/55 MP: 5/9
  3221 | D:3      | Found an opulent altar of Gozag.
  4086 | D:2      | Killed Sigmund
  4086 | D:2      | Reached skill level 7 in Necromancy
  4162 | D:4      | Reached XP level 7. HP: 54/64 MP: 0/10
  4214 | D:4      | Noticed Koyaah's ghost (amateur GrFE)
  4229 | D:3      | Found a deep blue altar of Sif Muna.
  4279 | D:5      | Entered Level 5 of the Dungeon
  4329 | D:5      | Found a staircase to the Ecumenical Temple.
  4334 | Temple   | Entered the Ecumenical Temple
  4362 | Temple   | Became a worshipper of Makhleb the Destroyer
  5008 | D:5      | Noticed Eustachio
  5075 | D:5      | Killed Eustachio
  5075 | D:5      | Reached skill level 8 in Necromancy
  5134 | D:5      | Found a stormy altar of Qazlal.
  5667 | D:6      | Noticed Dowan
  5673 | D:6      | Noticed Duvessa
  5684 | D:6      | Killed Duvessa
  5684 | D:6      | Reached skill level 5 in Fighting
  5694 | D:6      | Killed Dowan
  5694 | D:6      | Reached XP level 8. HP: 21/74 MP: 3/11
  5782 | D:6      | HP: 2/74 [orc warrior/trident (8)]
  5783 | D:6      | Mangled by an orc warrior

Skill      XL: |  1  2  3  4  5  6  7 |
---------------+----------------------+-----
Spellcasting   | 2 |  2.1
Necromancy     | 5 6 7 8 |  8.8
Fighting       | 1 2 4 5 |  5.3
Dodging        | |  2.1
Stealth        | |  2.4

Action                   |  1- 3 |  4- 6 |  7- 9 || total
-------------------------+-------+-------+-------++-------
Melee: Short sword       |    18 |     8 |    10 ||    36
       Scythe            |       |       |    76 ||    76
 Fire: Blowgun           |       |     3 |       ||     3
 Cast: Pain              |    49 |   120 |    15 ||   184
       Vampiric Draining |     2 |     5 |    15 ||    22
       Animate Skeleton  |     1 |     7 |       ||     8
Evoke: Wand              |       |       |     1 ||     1
  Use: Scroll            |       |    10 |     3 ||    13
  Eat: Chunk             |     3 |    10 |     3 ||    16
       Fruit             |       |       |     4 ||     4
       Bread ration      |       |       |     1 ||     1
       Beef jerky        |       |       |     1 ||     1
Armor: Robe              |     8 |     3 |       ||    11
       Ring mail         |       |     5 |    59 ||    64
       Leather armour    |       |       |    10 ||    10
Dodge: Dodged            |    30 |    31 |   159 ||   220
